 Dungeon Crawl Stone Soup version 0.13.1-28-g3517093 (webtiles) character file.

34724 Magician the Severer (level 13, -3/184 HPs)
             Began as a Deep Dwarf Berserker on Mar 6, 2014.
             Was an Elder of Trog.
             Slain by a hellwing (6 damage)
             ... on Level 8 of the Lair of Beasts on Mar 7, 2014.
             The game lasted 01:08:11 (5848 turns).

Magician the Severer (Deep Dwarf Berserker)         Turns: 5848, Time: 01:08:11

HP  -3/184       AC  5     Str 26      XL: 13   Next: 38%
MP  12/12        EV 18     Int  9      God: Trog [****..]
Gold 905         SH  0     Dex 16      Spells:  0 memorised, 12 levels left

Res.Fire  : + + .   See Invis. : .   a - +2,+4 executioner's axe (elec)
Res.Cold  : + . .   Warding    : .   b - -4 ring mail of the Blind Marksman {rF++ rC+ Acc+4}
Life Prot.: . . .   Conserve   : .   (no shield)
Res.Poison: .       Res.Corr.  : .   l - +0 wizard hat
Res.Elec. : .       Clarity    : .   (no cloak)
Sust.Abil.: . .     Spirit.Shd : .   (no gloves)
Res.Mut.  : .       Stasis     : .   R - +0 pair of boots (curse)
Res.Rott. : .       Flight     : .   (no amulet)
Saprovore : . . .                    (no ring)
                                     (no ring)

@: non-regenerating, berserking (expiring), very poisoned, weakened, very quick,
extremely resistant to hostile enchantments, extremely unstealthy
A: damage resistance, recharge devices, sense surroundings 2, slow healing 3, EV
+2
a: Device Recharging, Burn Spellbooks, Berserk, Trog's Hand, Brothers in Arms,
Renounce Religion


You were on level 8 of the Lair of Beasts.
You worshipped Trog.
Trog was greatly pleased with you.
You were not hungry.

You visited 2 branches of the dungeon, and saw 22 of its levels.

You collected 885 gold pieces.

Inventory:

Hand weapons
 a - a +2,+4 executioner's axe of electrocution (weapon)
 m - a +0 blowgun
 K - a +1,+2 broad axe
Missiles
 w - a throwing net (quivered)
 A - 6 curare-tipped needles
Armour
 b - the -4 ring mail of the Blind Marksman (worn) {rF++ rC+ Acc+4}
   (You found it on level 8 of the Dungeon)

   It affects your accuracy (+4).
   It greatly protects you from fire.
   It protects you from cold.
 l - a +0 wizard hat (worn)
 B - a +2 elven buckler
 F - a +1 dwarven ring mail
 J - a +0 orcish plate armour
 R - a cursed +0 pair of boots (worn)
Magical devices
 c - a wand of heal wounds (2)
 p - a wand of slowing (3)
 y - a wand of digging (12) {unknown}
 C - a wand of confusion (4)
 D - a wand of teleportation (1)
 G - a wand of random effects (9)
 M - a wand of draining (0)
 P - a wand of frost (9)
Comestibles
 d - 6 bread rations
 z - a pear
 L - an apple
 N - a choko
 Q - an orange
 W - a rotting chunk of hippogriff flesh
Jewellery
 f - an uncursed ring of ice
 g - an uncursed ring of ice
Potions
 e - 3 potions of heal wounds
 k - 5 potions of curing
 u - a potion of flight
 E - a potion of invisibility
 I - a potion of restore abilities
 O - a potion of brilliance
Books
 t - a book of Annihilations {highlevel}

   This book is beyond your current level of understanding.

   Spells                             Type                      Level
   Poison Arrow                       Conjuration/Poison           6
   Orb of Destruction                 Conjuration                  7
   Chain Lightning                    Conjuration/Air              8
   Lehudib's Crystal Spear            Conjuration/Earth            8
   Ice Storm                          Conjuration/Ice              9
   Fire Storm                         Conjuration/Fire             9
   Trog disapproves of the use of such an item.
 v - a Necronomicon {highlevel}

   This book is beyond your current level of understanding.

   Spells                             Type                      Level
   Borgnjor's Revivification          Necromancy                   7
   Haunt                              Necromancy/Summoning         7
   Death's Door                       Charms/Necromancy            8
   Necromutation                      Transmutation/Necromancy     8
   Trog disapproves of the use of such an item.
Magical staves
 V - an uncursed staff of summoning {unknown}
Miscellaneous
 U - a crystal ball of energy


   Skills:
 + Level 11.7 Fighting
 + Level 15.4 Axes
 - Level 12.0 Armour
 - Level 8.4 Dodging


You had 12 spell levels left.
You didn't know any spells.

Dungeon Overview and Level Annotations

Branches:
Dungeon (14/27)            Temple (0/1) D:7             Orc (0/4) D:9
   Lair (8/8) D:12          Swamp (0/5) Lair:5        Slime (0/6) Lair:6
 Shoals: Lair:3-6     Snake: Lair:3-6    Spider: Lair:3-6

Altars:
Ashenzari
Makhleb
Yredelemnul
Zin

Shops:
D:14 [

Portals:
Hell: Lair:8

Annotations:
D:13 Nessos
Lair:6 exclusion: oklob plant


Innate Abilities, Weirdness & Mutations

You are resistant to damage.
You can recharge devices by infusing magical energy.
You passively map the area around you.
You do not heal naturally.
You are surrounded by a mild repulsion field (EV +2).


Message History

You kill the hellwing!
Trog accepts your kill.
You slash the rotting devil!
There is a sudden explosion of sparks!
You kill the rotting devil!
Trog accepts your kill.
You slice the sun demon!!
You kill the sun demon!
Trog accepts your kill.
You barely miss the hellwing.
The hellwing is severely wounded.
You hit the hellwing.
The hellwing is moderately wounded.
The hellwing barely misses you. The hellwing hits you!
* * * LOW HITPOINT WARNING * * *
The hellwing gestures at you. You resist.
The red devil hits you from afar with a demon trident of venom.
* * * LOW HITPOINT WARNING * * *
The hellwing misses you. The hellwing hits you!
You die...

.♣♣♣....♣♣* * * ......♣♣♣♣
** ,** .♣♣.♣♣♣♣♣♣*
######++#######
♣♣♣♣'#########.............#
♣♣♣♣#........#...8....8....#
♣♣#..8.8...'.............# *
*#...8.8..###############
#..8.....#4.4.....≈≈§ ≈ *
*#...8.8.?#44@4......≈≈ *
#..8.8)..'§4.._.....∩
#...8.8..#.§.......≈ ≈ ≈
*#........#..§..≈≈≈≈≈ ≈≈ *
#############§§≈≈≈≈≈ ≈ ≈ * *
≈≈≈≈≈≈≈ ≈


You could see 4 hellwings, a red devil and a rotting devil.

Vanquished Creatures
  Gastronok (D:9)
  A ravenous feature mimic (Lair:8)
  2 hydras (Lair:8)
  4 death yaks (Lair:8)
  A sun demon (Lair:8)
  A centaur warrior (D:14)
  3 catoblepae
  2 hill giants
  A wizard (Lair:8)
  3 griffons
  2 black mambas
  5 elephants (Lair:6)
  An orange demon (Lair:8)
  A smoke demon (Lair:8)
  3 spiny frogs
  A queen ant (Lair:7)
  3 hellwings (Lair:8)
  A komodo dragon (Lair:8)
  A troll (D:14)
  A hydra skeleton (D:10)
  5 blink frogs (Lair:5)
  A shadow (D:11)
  3 ugly things (D:14)
  A basilisk (Lair:1)
  3 wyverns
  26 yaks
  2 hungry ghosts
  An elephant slug (Lair:8)
  A necrophage (D:9)
  14 soldier ants
  Edmund (D:4)
  4 hippogriffs
  A wolf (Lair:8)
  5 porcupines
  4 orc warriors
  2 sky beasts
  An ice beast (D:6)
  2 phantoms
  2 centaurs
  5 ogres
  14 big kobolds
  5 giant slugs
  A rotting devil (Lair:8)
  4 crocodiles
  8 water moccasins
  9 giant frogs
  2 agate snails
  An eye of draining (D:9)
  6 killer bees
  A jellyfish (Lair:5)
  3 jellies
  A yak skeleton (D:9)
  5 crimson imps
  2 big fish (Lair:5)
  3 hounds
  6 orc priests
  A goliath beetle (D:9)
  3 scorpions
  A water moccasin skeleton (D:9)
  41 worker ants
  9 orc wizards
  A quasit (D:9)
  3 iguanas
  21 sheep
  Jessica (D:2)
  A mottled dragon skeleton (D:12)
  10 gnolls
  A worker ant zombie (D:8)
  6 adders
  17 green rats
  A giant centipede (Lair:1)
  A giant mite (D:7)
  2 worms (D:8)
  2 grey rats (D:9)
  A giant eyeball (D:5)
  3 giant geckos
  46 orcs
  A ball python (D:6)
  6 bats
  4 giant cockroaches
  5 hobgoblins
  9 jackals
  22 kobolds
  9 quokkas
  5 giant newts
  4 goblins
  A goblin skeleton (D:4)
  A hobgoblin skeleton (D:7)
  2 kobold zombies
  2 orc skeletons
  A quokka skeleton (D:6)
  13 rats
  4 ballistomycetes
  A bush (Lair:8)
  3 fungi
  A plant (Lair:5)
459 creatures vanquished.

Vanquished Creatures (collateral kills)
  A hydra (D:13)
  2 slime creatures (D:13)
  2 centaurs (D:13)
  2 iguanas (D:13)
7 creatures vanquished.

Vanquished Creatures (others)
  An unseen horror (D:13)
  3 hill giants
  3 ugly things (D:13)
  A crimson imp (D:13)
  3 giant spores
11 creatures vanquished.

Grand Total: 477 creatures vanquished

Notes
Turn   | Place    | Note
--------------------------------------------------------------
     0 | D:1      | Magician, the Deep Dwarf Berserker, began the quest for the Orb.
     0 | D:1      | Reached XP level 1. HP: 21/21 MP: 0/0
   105 | D:2      | Noticed Jessica
   107 | D:2      | Reached XP level 2. HP: 28/28 MP: 1/1
   111 | D:2      | Killed Jessica
   256 | D:3      | Reached XP level 3. HP: 24/36 MP: 2/2
   474 | D:4      | Acquired Trog's second power
   474 | D:4      | Reached skill level 4 in Axes
   474 | D:4      | Reached XP level 4. HP: 40/43 MP: 3/3
   551 | D:4      | Noticed an ogre
   554 | D:4      | Noticed Edmund
   562 | D:4      | Killed an ogre
   562 | D:4      | Reached XP level 5. HP: 50/50 MP: 4/4
   566 | D:4      | Killed Edmund
   566 | D:4      | Reached skill level 5 in Axes
   566 | D:4      | Reached XP level 6. HP: 57/57 MP: 5/5
   587 | D:5      | Entered Level 5 of the Dungeon
   595 | D:5      | Paralysed by a giant eyeball for 3 turns
   655 | D:6      | Found a shattered altar of Ashenzari.
   691 | D:6      | Reached skill level 5 in Armour
   825 | D:6      | Reached XP level 7. HP: 59/64 MP: 6/6
   892 | D:7      | Found a staircase to the Ecumenical Temple.
   964 | D:7      | Noticed a wyvern
   976 | D:7      | Killed a wyvern
   976 | D:7      | Reached skill level 6 in Axes
  1232 | D:7      | Reached XP level 8. HP: 57/73 MP: 7/7
  1250 | D:8      | Reached skill level 7 in Axes
  1485 | D:9      | HP: 3/73 [ogre/giant spiked club (18)]
  1512 | D:9      | Noticed Gastronok
  1553 | D:9      | Reached skill level 5 in Dodging
  1557 | D:9      | Killed Gastronok
  1557 | D:9      | Reached skill level 5 in Fighting
  1557 | D:9      | Reached skill level 8 in Axes
  1557 | D:9      | Gained mutation: You passively map the area around you. [level up]
  1557 | D:9      | Reached XP level 9. HP: 23/80 MP: 8/8
  1641 | D:9      | HP: 4/81 [yak skeleton (2)]
  1667 | D:10     | Entered Level 10 of the Dungeon
  1685 | D:10     | Reached skill level 9 in Axes
  1977 | D:10     | Reached XP level 10. HP: 43/90 MP: 9/9
  2193 | D:13     | Noticed Nessos
  2196 | D:14     | Entered Level 14 of the Dungeon
  2196 | D:14     | Noticed a griffon
  2208 | D:14     | Killed a griffon
  2208 | D:14     | Reached skill level 10 in Axes
  2208 | D:14     | Reached skill level 10 in Armour
  2228 | D:14     | Gained mutation: You are surrounded by a mild repulsion field (EV +2). [mutagenic meat]
  2243 | D:14     | Found Owey's Armour Emporium.
  2305 | D:13     | Noticed a seven-headed hydra
  2319 | D:13     | HP: 3/90 [seven-headed hydra (10)]
  2320 | D:13     | HP: 1/90 [centaur warrior/arrow (2)]
  2321 | D:13     | Noticed a centaur warrior
  2331 | D:14     | Killed a centaur warrior
  2350 | D:14     | Identified a scroll of acquirement
  2428 | D:13     | Killed a seven-headed hydra
  2530 | D:11     | HP: 2/91 [electric eel/bolt of electricity (6)]
  2536 | D:11     | HP: 1/91 [electric eel/bolt of electricity (9)]
  2581 | D:10     | Noticed a hill giant
  2687 | D:10     | Reached skill level 11 in Armour
  2795 | D:9      | Found a staircase to the Orcish Mines.
  2929 | D:9      | Found a glowing silver altar of Zin.
  2942 | D:9      | Reached XP level 11. HP: 47/98 MP: 10/10
  3048 | D:8      | Got a bloodstained ring mail
  3061 | D:8      | Identified the cursed -4 ring mail of the Blind Marksman {rF++ rC+ Acc+4} (You found it on level 8 of the Dungeon)
  3109 | D:8      | Found a burning altar of Makhleb.
  3454 | D:7      | Acquired Trog's third power
  3617 | D:11     | Found a basalt altar of Yredelemnul.
  3800 | D:11     | Noticed a hill giant
  3810 | D:11     | Killed a hill giant
  3841 | D:12     | Noticed a hill giant
  3843 | D:12     | Noticed a hill giant
  3848 | D:12     | Noticed a hill giant
  3864 | D:12     | Killed a hill giant
  3869 | D:12     | Killed a hill giant
  3926 | D:12     | Found a staircase to the Lair.
  3937 | D:12     | Killed a hill giant
  3937 | D:12     | Reached skill level 12 in Axes
  3954 | D:12     | Noticed a stone giant
  3955 | Lair:1   | Entered Level 1 of the Lair of Beasts
  4517 | Lair:5   | Reached XP level 12. HP: 51/109 MP: 11/11
  4529 | Lair:5   | HP: 5/110 [blink frog (11)]
  4534 | Lair:5   | Reached skill level 13 in Axes
  4646 | Lair:6   | Found a staircase to the Slime Pits.
  4737 | Lair:5   | Noticed a catoblepas
  4738 | Lair:5   | Found a staircase to the Swamp.
  4749 | Lair:5   | Killed a catoblepas
  4920 | Lair:7   | Reached skill level 10 in Fighting
  4970 | Lair:7   | Reached skill level 14 in Axes
  5265 | Lair:8   | Entered Level 8 of the Lair of Beasts
  5417 | Lair:8   | Reached XP level 13. HP: 110/121 MP: 12/12
  5619 | Lair:8   | Reached skill level 15 in Axes
  5650 | Lair:8   | Noticed an eight-headed hydra
  5662 | Lair:8   | Killed a nine-headed hydra
  5699 | Lair:8   | Noticed a seven-headed hydra
  5716 | Lair:8   | Killed a 12-headed hydra
  5833 | Lair:8   | Found a burning altar of Makhleb.
  5846 | Lair:8   | HP: 4/183 [sun demon (9)]
  5848 | Lair:8   | Found a gateway to Hell.
  5848 | Lair:8   | Slain by a hellwing

Action                   |  1- 3 |  4- 6 |  7- 9 | 10-12 | 13-15 || total
-------------------------+-------+-------+-------+-------+-------++-------
Melee: Hand axe          |    62 |    99 |     6 |       |       ||   167
       War axe           |       |       |   247 |    64 |       ||   311
       Executioner's axe |       |       |       |   516 |   100 ||   616
       Battleaxe         |       |       |       |    17 |       ||    17
 Fire: Blowgun           |       |       |       |     3 |       ||     3
Throw: Throwing net      |       |       |     1 |       |       ||     1
Invok: Berserk           |     2 |     2 |    10 |    18 |     2 ||    34
       Trog's Hand       |       |     2 |    18 |    62 |    10 ||    92
Evoke: Wand              |       |     1 |    11 |    23 |     5 ||    40
  Use: Scroll            |       |       |       |    19 |     3 ||    22
       Potion            |       |       |       |     6 |     2 ||     8
